 Dungeon Crawl Stone Soup version 0.17-a0-1804-gf6433eb (webtiles) character file.

89 Neuromancien059 the Ruffian (level 4, 0/44 HPs)
             Began as a Troll Monk on Sept 11, 2015.
             Killed from afar by Natasha (7 damage)
             ... with a wand of flame
             ... on level 3 of the Dungeon.
             The game lasted 00:16:20 (1065 turns).

Neuromancien059 the Ruffian (Troll Monk)            Turns: 1065, Time: 00:16:21

Health: 0/44       AC:  5    Str: 20    XL:     4   Next: 31%
Magic:  3/3        EV: 16    Int:  6    God:
Gold:   115        SH:  0    Dex: 17    Spells: 0 memorised, 3 levels left

rFire  . . .     SeeInvis .       - Unarmed
rCold  + . .     Clarity  .     r - +0 robe
rNeg   . . .     SustAt   .     (no shield)
rPois  .         Gourm    +     (helmet restricted)
rElec  .         Spirit   .     (no cloak)
rCorr  .         Warding  .     (gloves unavailable)
rMut   .         Stasis   .     (boots unavailable)
MR     +....                    (no amulet)
Stlth  +++.......               h - ring of protection from magic
                                d - ring of protection from cold

@: agile, somewhat resistant to hostile enchantments, fairly stealthy
A: unfitting armour, claws 3, fast metabolism 3, gourmand, regeneration 2,
shaggy fur 1, tough skin 2
a: no special abilities


You were on level 3 of the Dungeon.
You were not hungry.

You visited 1 branch of the dungeon, and saw 3 of its levels.

You collected 115 gold pieces.

Inventory:

Armour
 a - a +0 robe
 e - a +0 robe
 r - a +0 robe (worn)
Jewellery
 d - a ring of protection from cold (left claw)
 h - a ring of protection from magic (right claw)
Scrolls
 g - a scroll of enchant weapon {unknown}
 i - a scroll of identify {unknown}
 j - 4 scrolls of recharging {unknown}
 k - a scroll of teleportation {unknown}
 l - a scroll of remove curse {unknown}
 m - a scroll of amnesia {unknown}
 q - a scroll of magic mapping {unknown}
Potions
 n - a potion of cure mutation {unknown}
 p - a potion of cancellation {unknown}
Books
 s - a book of Summonings

   Spells                             Type                      Level
   a - Recall                         Summoning/Translocation      3
   b - Aura of Abjuration             Summoning                    5
   c - Shadow Creatures               Summoning                    5
   d - Summon Demon                   Summoning                    5
   e - Summon Forest                  Summoning/Translocation      5
   f - Summon Mana Viper              Hexes/Summoning              5
Comestibles
 b - 3 bread rations
 c - 7 chunks of flesh
 f - 2 meat rations


   Skills:
 + Level 2.9 Fighting
 + Level 3.1 Dodging
 + Level 1.2 Stealth
 + Level 4.8 Unarmed Combat


You had 3 spell levels left.
You didn't know any spells.

Dungeon Overview and Level Annotations

Branches:
Dungeon (3/15)

Altars:
Kikubaaqudgha

Annotations:
D:3 Natasha


Innate Abilities, Weirdness & Mutations

You are too large for most types of armour.
You have claws for hands.
Your metabolism is lightning-fast.
You like to eat raw meat.
You heal very quickly.
You are covered in fur (AC +1).
You have very tough skin (AC +2).


Message History

Natasha zaps a wand.
The puff of flame misses you.
It is a wand of flame.
You see here 12 gold pieces.
Natasha zaps a wand.
The puff of flame hits you!
Natasha zaps a wand.
The puff of flame misses you.
Natasha zaps a wand.
The puff of flame hits you!
You closely miss Natasha.
Natasha zaps a wand.
The puff of flame hits you!
You barely miss Natasha.
Natasha zaps a wand.
The puff of flame hits you!
You claw Natasha!
Natasha is severely wounded.
Natasha misses you.
You barely miss Natasha.
Natasha is severely wounded.
Natasha zaps a wand.
The puff of flame hits you!
* * * LOW HITPOINT WARNING * * *
You are too injured to fight recklessly!
Drink which item? (? for menu, Esc to quit)
It was a potion of agility.
You feel agile all of a sudden.
Natasha zaps a wand.
The puff of flame hits you!
You die...

###### #....
#######..# #
#........####..###
#.##......@h......
#.##.#$..####..##.
####....#...# #
#......##......
#.##...##.######
#.##......#
##.#....##########
#.......# #.....#
####.#.##.#
#.....#


You could see Natasha.

Vanquished Creatures
  An orc wizard (D:3)
  An adder zombie (D:2)
  2 adder skeletons (D:2)
  A giant gecko (D:1)
  6 orcs (D:3)
  4 bats
  A bat skeleton (D:2)
  5 goblins
  3 hobgoblins (D:1)
  6 kobolds
  A ball python (D:3)
  2 giant cockroaches
  A giant cockroach zombie (D:2)
  4 giant newts
  7 rats (D:1)
45 creatures vanquished.

Vanquished Creatures (others)
  A human (D:2)
1 creature vanquished.

Grand Total: 46 creatures vanquished

Notes
Turn   | Place    | Note
--------------------------------------------------------------
     0 | D:1      | Neuromancien059 the Troll Monk began the quest for the Orb.
     0 | D:1      | Reached XP level 1. HP: 22/22 MP: 0/0
   101 | D:1      | Reached XP level 2. HP: 27/29 MP: 1/1
   577 | D:2      | Reached XP level 3. HP: 32/36 MP: 2/2
   666 | D:2      | Found a faded altar to an unknown god.
   701 | D:2      | Found an ancient bone altar of Kikubaaqudgha.
   722 | D:2      | Noticed a human
   724 | D:2      | Killed a human
   817 | D:3      | Reached XP level 4. HP: 31/44 MP: 3/3
  1056 | D:3      | Noticed Natasha
  1065 | D:3      | Killed from afar by Natasha

Vault maps used:
D:1:      dpeg_arrival_renting
D:2:      serial_undead, serial_undead_d, serial_undead_c, serial_undead_f,
          serial_undead_f, serial_undead_a, serial_undead_d, serial_undead_f,
          ecumenical_altar_2, tgw_kikubaaqudgha, uniq_robin
D:3:      lemuel_round_altar, first_bread, grunt_ministairs_5, kennysheep_nub,
          uniq_natasha

Action                   |  1- 3 |  4- 6 || total
-------------------------+-------+-------++-------
Melee: Unarmed           |    87 |    21 ||   108
  Use: Potion            |       |     1 ||     1
 Stab: Sleeping          |     1 |     1 ||     2
  Eat: Chunk             |     5 |     2 ||     7
